Map: King's Cove LE

Players

Neeblet (Neeb) - Winner!

  • Race: Protoss Protoss
  • League: Grandmaster
  • Spawn Location: 11:00

Namshar

  • Race: Zerg Zerg
  • League: Grandmaster
  • Spawn Location: 5:00

Event: 2019 Assembly Summer

VOD

Have the link to the VOD?

Description

Time

  • Played on: Aug. 1, 2019, 10:44 a.m.
  • Length: 10:06

All games in this series

Show
View Real Time Build Order
Export as new Build Order

Neeblet Protoss - Winner!

Build Orders: 1 Gate Expand, Oracle Opening, Phoenix Opening 

Get SALT Encoding   

  12  0:00  Probe  
  13  0:12  Probe  
  14  0:18  Pylon  
  14  0:24  Probe  
  15  0:33  Probe  
  15  0:41  Gateway, Probe  
  17  0:51  Probe  
  17  0:55  Assimilator  
  18  1:03  Probe  
  19  1:16  Probe  
  20  1:29  Nexus  
  20  1:39  Cybernetics Core  
  20  1:42  Probe  
  21  1:49  Assimilator  
  21  1:54  Probe  
  21  1:57  Pylon  
  22  2:05  Adept  
  22  2:06  Probe  
  25  2:18  Probe  
  26  2:25  Adept  
  26  2:28  Stargate  
  26  2:30  Probe  
  28  2:40  Probe  
  28  2:42  Probe  
  30  2:53  Gateway  
  30  2:54  Probe  
  30  2:56  Probe  
  30  2:57  Warp Gate  
  32  3:02  Adept  
  34  3:05  Oracle  
  34  3:07  Probe  
  34  3:08  Probe  
  40  3:23  Pylon  
  39  3:27  Gateway  
  39  3:31  Pylon  
  39  3:40  Pylon  
  39  3:41  Phoenix  
  41  3:51  Gateway  
  41  3:56  Probe  
  41  3:57  Probe  
  41  4:02  Shield Battery  
  39  4:05  Oracle  
  39  4:09  Probe  
  40  4:10  Probe  
  43  4:31  Pylon  
  38  4:46  Adept x2  
  42  5:00  Gateway  
  42  5:01  Pylon  
  42  5:03  Probe x2  
  44  5:07  Adept  
  44  5:14  Pylon  
  46  5:17  Pylon  
  46  5:20  Pylon  
  46  5:24  Pylon  
  46  5:31  Pylon  
  46  5:39  Adept  
  44  5:56  Adept  
  46  6:00  Adept  
  46  6:15  Gateway  
  45  6:24  Adept  
  45  6:25  Sentry  
  47  6:27  Probe  
  47  6:31  Probe  
  47  6:35  Probe  
  47  6:39  Probe  
  49  6:43  Probe  
  49  6:45  Cybernetics Core  
  50  6:49  Probe  
  52  6:54  Probe  
  52  7:01  Probe  
  54  7:06  Zealot, Probe  
  54  7:07  Zealot  
  59  7:13  Probe  
  60  7:18  Probe  
  61  7:23  Assimilator  
  61  7:25  Probe, Assimilator, Pylon  
  61  7:28  Sentry, Robotics Facility  
  64  7:33  Twilight Council  
  64  7:35  Probe  
  65  7:37  Probe  
  66  7:46  Gateway  
  66  7:55  Probe  
  66  7:57  Probe  
  68  7:58  Gateway  
  68  8:00  Gateway  
  68  8:03  Gateway, Charge  
  68  8:09  Pylon  
  68  8:10  Warp Prism  
  68  8:11  Templar Archives  
  68  8:23  Probe  
  71  8:36  Nexus  
  71  8:46  Pylon  
  71  8:47  Pylon  
  71  8:55  Pylon  
  68  9:11  High Templar x3  
  68  9:12  High Templar, Zealot x3  
  68  9:16  Archon x2  
  82  9:20  Gateway  
  82  9:24  Forge  
  82  9:28  Pylon  
  80  9:46  Zealot x2  
  80  9:49  Zealot x5  
  80  9:51  Probe  
  94  9:54  Probe x2  
Show
View Real Time Build Order
Export as new Build Order

Namshar Zerg 

Build Orders: Hatch First 

Get SALT Encoding   

  12  0:00  Drone  
  13  0:12  Overlord  
  13  0:17  Drone  
  14  0:30  Drone x2  
  14  0:34  Drone  
  17  0:51  Drone  
  18  0:58  Drone  
  18  1:00  Hatchery  
  18  1:05  Extractor  
  17  1:13  Spawning Pool  
  17  1:17  Drone  
  17  1:20  Drone  
  18  1:28  Drone  
  19  1:40  Overlord  
  19  2:00  Zergling x4, Queen  
  23  2:06  Metabolic Boost  
  23  2:12  Queen  
  25  2:26  Zergling x8  
  29  2:35  Zergling x4  
  31  2:47  Zergling x2  
  32  2:56  Hatchery  
  31  3:01  Zergling x2  
  31  3:02  Zergling x4  
  34  3:13  Zergling x4  
  36  3:24  Overlord x2  
  35  3:33  Zergling x2  
  35  3:34  Zergling x2  
  34  3:41  Zergling x2  
  32  3:50  Zergling x12  
  32  3:54  Zergling x2  
  36  3:58  Zergling x2  
  36  4:01  Zergling x2  
  36  4:08  Zergling x4  
  38  4:17  Zergling x2  
  39  4:26  Zergling x6  
  39  4:39  Zergling x14  
  39  4:45  Zergling x4  
  43  4:53  Zergling x6  
  42  5:00  Zergling x4  
  42  5:02  Zergling x2  
  42  5:10  Zergling x4  
  42  5:14  Zergling x4  
  42  5:17  Zergling x2  
  42  5:22  Zergling x2  
  42  5:26  Zergling x4  
  43  5:35  Zergling x4  
  44  5:41  Zergling x6  
  44  5:46  Zergling x2  
  42  5:53  Zergling x4  
  42  5:54  Zergling x2  
  40  6:00  Zergling x2  
  40  6:01  Zergling x2  
  39  6:07  Zergling x4  
  38  6:12  Zergling x2  
  41  6:31  Drone x4  
  40  6:37  Queen  
  40  6:39  Drone x2  
  43  6:44  Drone x2  
  45  6:48  Drone  
  41  7:03  Drone x5  
  36  7:11  Drone  
  36  7:12  Drone x2  
  36  7:15  Drone  
  35  7:19  Drone  
  34  7:24  Drone  
  34  7:29  Drone  
  36  7:30  Drone  
  36  7:36  Drone x2  
  39  7:42  Drone x3  
  42  7:44  Drone  
  42  7:49  Spore Crawler  
  42  7:50  Drone  
  41  7:55  Spore Crawler  
  41  7:57  Drone  
  41  8:03  Drone x3  
  41  8:04  Drone  
  45  8:08  Spore Crawler  
  45  8:12  Drone x2  
  46  8:16  Drone  
  46  8:17  Drone x2  
  48  8:30  Overlord x3  
  48  8:39  Overlord  
  48  8:42  Lair  
  48  8:44  Roach Warren  
  47  8:49  Zergling x14  
  47  8:53  Zergling x4  
  56  8:56  Zergling x4  
  56  8:57  Zergling x2  
  56  9:13  Drone x5  
  56  9:16  Extractor  
  56  9:17  Extractor  
  59  9:18  Drone x6  
  59  9:23  Overlord  
  65  9:28  Zergling x6  
  65  9:29  Zergling x2  
  63  9:34  Drone x2  
  62  9:40  Roach x3  
  62  9:45  Roach x2  
Tags
 
Add a new tag
Caveats
  • Supply blocks, unpowered buildings, or Contaminate may cause inaccurate times.
  • Supply counts are checked every 10 seconds.